 Dungeon Crawl Stone Soup version 0.28-a0-1429-gf3d713df7a (webtiles) character file.

Game seed: 14227688553684263770

2931 zap2161 the Geomancer (level 9, -1/66 HPs)
             Began as a Gnoll Wanderer on Jan 8, 2022.
             Was an Initiate of Nemelex Xobeh.
             Slain by a tengu warrior (12 damage)
             ... on level 8 of the Dungeon.
             The game lasted 00:54:01 (6173 turns).

zap2161 the Geomancer (Gnoll Wanderer)              Turns: 6173, Time: 00:54:04

Health: -1/66      AC:  8    Str: 11    XL:     9   Next: 79%
Magic:  15/19      EV: 14    Int: 20    God:    Nemelex Xobeh [......]
Gold:   244        SH:  0    Dex: 14    Spells: 16/21 levels left

rFire   + . .      SeeInvis .   a - +2 flail (drain)
rCold   . . .      Faith    .   I - orb {light}
rNeg    . . .      Spirit   .   u - +0 acid dragon scales
rPois   +          Reflect  .   (no helmet)
rElec   .          Harm     .   d - +0 cloak
rCorr   +          Rampage  .   (no gloves)
Will    .....                   (no boots)
Stlth   +.........              (no amulet)
HPRegen 0.21/turn               t - ring "Sitih" {Fly rF+ Str+2 Int+4}
MPRegen 0.16/turn               s - ring of poison resistance

@: flying, glowing
A: fangs 1, strong nose, distributed training
a: Renounce Religion, Draw Escape, Draw Destruction, Draw Summoning


You were on level 8 of the Dungeon.
You worshipped Nemelex Xobeh.
Nemelex Xobeh was noncommittal.
You visited 2 branches of the dungeon, and saw 8 of its levels.

You collected 244 gold pieces.

Inventory:

Hand Weapons
 a - a +2 flail of draining (weapon)
 b - a +0 hand crossbow
 p - a +0 dagger of venom
 y - a +1 vorpal hunting sling
 A - a +3 spear
 J - a +2 broad axe of flaming
Missiles
 c - 30 stones
 e - 17 poisoned darts (quivered)
 q - 4 javelins
 x - 41 bolts
 G - 6 boomerangs
Armour
 d - a +0 cloak (worn)
 r - an orb of light
 u - +0 acid dragon scales (worn)
 E - a +2 robe of willpower
 I - an orb of light (worn)
 K - +0 swamp dragon scales
Jewellery
 s - a ring of poison resistance (right hand)
 t - the ring "Sitih" (left hand) {Fly rF+ Str+2 Int+4}
   (You found it on level 3 of the Dungeon)

   [ring of protection from fire]

   Str:       It affects your strength (+2).
   Int:       It affects your intelligence (+4).
   rF:        It protects you from fire.
   Fly:       It grants you flight.
Wands
 w - a wand of polymorph (12)
 H - a wand of flame (11)
Scrolls
 f - 2 scrolls of amnesia {unknown}
 h - 2 scrolls of vulnerability {unknown}
 j - 3 scrolls of fear {unknown}
 k - 3 scrolls of noise {unknown}
 l - 3 scrolls of teleportation {unknown}
 m - 2 scrolls of holy word {unknown}
 n - 2 scrolls of identify {unknown}
 B - a scroll of immolation {unknown}
 C - a scroll of torment {unknown}
Potions
 g - 3 potions of heal wounds {unknown}
 i - 2 potions of curing {unknown}
 o - a potion of invisibility {unknown}
 v - 3 potions of ambrosia {unknown}
 z - 2 potions of might {unknown}
 D - a potion of mutation {unknown}
 F - 2 potions of flight {unknown}


   Skills:
 + Level 4.6 Fighting
 + Level 4.6 Short Blades
 + Level 4.6 Long Blades
 + Level 4.6 Axes
 + Level 5.3 Maces & Flails
 + Level 4.6 Polearms
 + Level 4.6 Staves
 + Level 4.6 Slings
 + Level 4.6 Bows
 + Level 4.6 Crossbows
 + Level 4.6 Throwing
 + Level 4.6 Armour
 + Level 6.5 Dodging
 + Level 5.2 Stealth
 + Level 4.6 Shields
 + Level 4.6 Unarmed Combat
 + Level 6.9 Spellcasting
 + Level 3.8 Conjurations
 + Level 3.8 Hexes
 + Level 3.8 Summonings
 + Level 3.8 Necromancy
 + Level 3.8 Translocations
 + Level 3.8 Transmutations
 + Level 3.8 Fire Magic
 + Level 3.8 Ice Magic
 + Level 3.8 Air Magic
 + Level 8.1 Earth Magic
 + Level 3.8 Poison Magic
 + Level 5.0 Invocations
 + Level 4.6 Evocations


You had 16 spell levels left.
You knew the following spells:

 Your Spells              Type           Power      Damage    Failure   Level
a - Sandblast             Erth           78%        2d17      1%          1
b - Passwall              Tmut/Erth      25%        N/A       1%          2
c - Static Discharge      Conj/Air       22%        N/A       4%          2

Your spell library contained the following spells:

 Spells                   Type           Power      Damage    Failure   Level
 Ignite Poison            Fire/Tmut/Pois 22%        N/A       9%          3
 Mephitic Cloud           Conj/Pois/Air  22%        N/A       9%          3
 Animate Armour           Summ/Erth      60%        N/A       12%         4
 Dispel Undead            Necr           22%        3d12      30%         4
 Sticky Flame             Conj/Fire      22%        2d4       30%         4
 Blade Hands              Tmut           11%        N/A       63%         5
 Freezing Cloud           Conj/Ice/Air   11%        6-21      63%         5
 Iron Shot                Conj/Erth      15%        9d4       88%         6


Dungeon Overview and Level Annotations

Branches:
Dungeon (6/15)             Temple (1/1) D:6

Altars:
Ashenzari
Cheibriados
Dithmenos
Elyvilon
Fedhas
Gozag
Hepliaklqana
Kikubaaqudgha
Makhleb
Nemelex Xobeh
Okawaru
Qazlal
Ru
Sif Muna
Trog
Uskayaw
Vehumet
Wu Jian
Xom
Yredelemnul
Zin
The Shining One

Shops:
D:2 (


Innate Abilities, Weirdness & Mutations

You have very sharp teeth.
Your uncanny sense of smell can sniff out nearby items.
Your experience applies equally to all skills.


Message History

The poisoned dart hits the tengu warrior!
The tengu warrior looks even sicker.
Throw: 18 darts (poison)
Press: ? - help, Q - select action, (/) - cycle Shift-Dir - straight line, f/p - tengu warrior
Aim: a tengu warrior, wielding a +1 bardiche of venom, wearing a +0 ring mail and quivering stones (lightly wounded, very poisoned, 43% to hit)
You throw a poisoned dart.
The poisoned dart closely misses the tengu warrior.
Casting: Sandblast (safe; 1% risk of failure)
Confirm with . or Enter, or press ? or * to list all spells.
Aiming: Sandblast (safe; 1% risk of failure)
Press: ? - help, Shift-Dir - straight line, f/p - tengu warrior
Aim: a tengu warrior, wielding a +1 bardiche of venom, wearing a +0 ring mail and quivering stones (lightly wounded, very poisoned, haloed, 75% to hit)
The blast of sand hits the tengu warrior but does no damage.
The tengu warrior is lightly wounded.
c - 32 stones
Casting: Sandblast (safe; 1% risk of failure)
Confirm with . or Enter, or press ? or * to list all spells.
Aiming: Sandblast (safe; 1% risk of failure)
Press: ? - help, Shift-Dir - straight line, f/p - tengu warrior
Aim: a tengu warrior, wielding a +1 bardiche of venom, wearing a +0 ring mail and quivering stones (lightly wounded, very poisoned, haloed, 75% to hit)
The blast of sand hits the tengu warrior!
The tengu warrior is moderately wounded.
c - 31 stones The tengu warrior throws a stone.
The stone hits you.
* * * LOW HITPOINT WARNING * * *
Hit: a) +2 flail (drain)
Press: ? - help, Dir - move target, f/p - tengu warrior
Aim: a tengu warrior, wielding a +1 bardiche of venom, wearing a +0 ring mail and quivering stones (moderately wounded, very poisoned, haloed, about 40% to evade your +2 flail of draining)
Your weapon can't reach that far!
Okay, then.
Casting: Sandblast (safe; 1% risk of failure)
Confirm with . or Enter, or press ? or * to list all spells.
Aiming: Sandblast (safe; 1% risk of failure)
Press: ? - help, Shift-Dir - straight line, f/p - tengu warrior
Aim: a tengu warrior, wielding a +1 bardiche of venom, wearing a +0 ring mail and quivering stones (moderately wounded, very poisoned, haloed, 75% to hit)
The blast of sand misses the tengu warrior.
c - 30 stones The tengu warrior hits you from afar with a +1 bardiche of venom!
You die...
Your body disappears without additional glow.

((.(...........
..((....(......
..(....(.......
....(.....?....
...(.........
#.Q.........
#...........
#)..@.......
#....(.....(
#....†.(.(..
#..........(
.............
....######.....
.... ..... ...
..!.. .. ....


You could see a tengu warrior (very poisoned).

Vanquished Creatures
  Pikel (D:5)
  A cyclops (D:8)
  Maggie (D:8)
  Prince Ribbit (D:5)
  A wraith (D:8)
  A water moccasin (D:4)
  Duvessa (D:5)
  4 ogres (D:6)
  2 centaurs
  A lemure (D:5)
  A scorpion (D:4)
  A water moccasin zombie (D:6)
  Dowan (D:5)
  2 howler monkeys (D:8)
  A bullfrog zombie (D:5)
  2 jellies
  A bullfrog skeleton (D:5)
  An orc priest (D:3)
  2 hounds
  An iguana (D:6)
  2 orc wizards (D:5)
  A scorpion zombie (D:5)
  2 hound skeletons
  A howler monkey zombie (D:6)
  3 gnolls (D:4)
  8 adders
  A white imp (D:8)
  An ufetubus (D:4)
  An adder skeleton (D:4)
  2 worms
  17 orcs
  5 bats
  7 endoplasms
  4 giant cockroaches
  14 hobgoblins
  6 jackals
  10 kobolds
  5 quokkas
  8 ball pythons
  4 frilled lizards
  8 goblins
  10 rats
147 creatures vanquished.

Notes
Turn   | Place    | Note
-------+----------+-------------------------------------------
     0 | D:1      | zap2161 the Gnoll Wanderer began the quest for the Orb.
     0 | D:1      | zap2161 set off with the following items: a +0 mace, a +0
                  | cloak, 38 stones, a +0 robe; and the following spell
                  | memorised: Sandblast; and the following spells available to
                  | memorise: Passwall, Animate Armour
     0 | D:1      | Reached XP level 1. HP: 13/13 MP: 6/6
    66 | D:1      | Reached XP level 2. HP: 12/19 MP: 3/7
   591 | D:1      | Reached XP level 3. HP: 25/25 MP: 7/9
   626 | D:1      | Reached skill level 5 in Spellcasting
   629 | D:1      | Learned a level 2 spell: Passwall
  1022 | D:2      | Reached skill level 1 in Invocations
  1115 | D:2      | Reached skill level 1 in Fighting
  1115 | D:2      | Reached skill level 1 in Short Blades
  1115 | D:2      | Reached skill level 1 in Long Blades
  1115 | D:2      | Reached skill level 1 in Axes
  1115 | D:2      | Reached skill level 1 in Polearms
  1115 | D:2      | Reached skill level 1 in Staves
  1115 | D:2      | Reached skill level 1 in Slings
  1115 | D:2      | Reached skill level 1 in Bows
  1115 | D:2      | Reached skill level 1 in Crossbows
  1115 | D:2      | Reached skill level 1 in Throwing
  1115 | D:2      | Reached skill level 1 in Armour
  1115 | D:2      | Reached skill level 1 in Shields
  1115 | D:2      | Reached skill level 1 in Unarmed Combat
  1115 | D:2      | Reached skill level 1 in Evocations
  1116 | D:2      | Reached XP level 4. HP: 32/32 MP: 8/11
  1306 | D:2      | Found Denninumm's Weapon Shoppe.
  1625 | D:3      | Reached skill level 1 in Conjurations
  1625 | D:3      | Reached skill level 1 in Hexes
  1625 | D:3      | Reached skill level 1 in Summonings
  1625 | D:3      | Reached skill level 1 in Necromancy
  1625 | D:3      | Reached skill level 1 in Translocations
  1625 | D:3      | Reached skill level 1 in Transmutations
  1625 | D:3      | Reached skill level 1 in Fire Magic
  1625 | D:3      | Reached skill level 1 in Ice Magic
  1625 | D:3      | Reached skill level 1 in Air Magic
  1625 | D:3      | Reached skill level 1 in Poison Magic
  1626 | D:3      | Reached XP level 5. HP: 34/37 MP: 8/12
  2433 | D:3      | Identified the ring "Sitih" {Fly rF+ Str+2 Int+4}
  3019 | D:4      | Noticed a water moccasin
  3024 | D:4      | Killed a water moccasin
  3025 | D:4      | Reached skill level 5 in Dodging
  3025 | D:4      | Reached XP level 6. HP: 41/44 MP: 9/14
  3476 | D:4      | Reached XP level 7. HP: 5/50 MP: 9/15
  3934 | D:5      | Entered Level 5 of the Dungeon
  3939 | D:5      | Noticed Prince Ribbit
  3945 | D:5      | Killed Prince Ribbit
  4288 | D:5      | Noticed Duvessa
  4290 | D:5      | Noticed Dowan
  4300 | D:5      | Killed Duvessa
  4301 | D:5      | Reached XP level 8. HP: 31/58 MP: 9/16
  4303 | D:5      | Killed Dowan
  4547 | D:5      | Identified the +1 robe of Ignis's Castigation {rPois rF+
                  | Int-3}
  4603 | D:5      | Noticed Pikel
  4625 | D:5      | Killed Pikel
  5117 | D:5      | Found a snail-covered altar of Cheibriados.
  5181 | D:6      | Learned a level 2 spell: Static Discharge
  5199 | D:6      | Reached XP level 9. HP: 28/65 MP: 15/18
  5602 | D:6      | Found a staircase to the Ecumenical Temple.
  5609 | Temple   | Entered the Ecumenical Temple
  5695 | Temple   | Became a worshipper of Nemelex Xobeh the Trickster
  6024 | D:6      | You are sucked into a shaft and drop 2 floors!
  6026 | D:8      | Noticed Maggie
  6042 | D:8      | Killed Maggie
  6043 | D:8      | Reached skill level 5 in Maces & Flails
  6043 | D:8      | Reached skill level 8 in Earth Magic
  6083 | D:8      | Reached skill level 5 in Stealth
  6119 | D:8      | Noticed a cyclops
  6128 | D:8      | Killed a cyclops
  6129 | D:8      | Reached skill level 5 in Invocations
  6166 | D:8      | Noticed a tengu warrior
  6173 | D:8      | Slain by a tengu warrior

Illustrated notes

Levels and vault maps discovered:
D:1:      grunt_arrival_lava_bath, layout_basic, minmay_tromino_v4_b
D:2:      layout_basic, serial_shops, nicolae_shop_bloodbath_and_beyond,
          minmay_fractal_squares_gapless_5
D:3:      layout_basic, shapermc_ecumenical_altar_petra, st_stairs_6,
          wad_floor_pattern_untrapped, nicolae_elevator_lobby_asterisk
D:4:      layout_basic, minivault_11, kennysheep_generic_room_9
D:5:      layout_cave_pools, lemuel_coloured_pillars_altar,
          nicolae_ossuary_entry_monument, minmay_misc_feat_ornament,
          uniq_prince_ribbit1, uniq_pikel, uniq_duvessa
D:6:      nicolae_BIG_FREAKIN_CUBE, layout_basic, temple_green
D:8:      layout_basic, minmay_evil_grid, uniq_maggie
Temple:   grunt_wide_crystal_templ

Skill      XL: |  1  2  3  4  5  6  7  8  9 |
---------------+----------------------------+-----
Spellcasting   | 5 6 |  6.9
Invocations    | 1 2 3 4 5 |  5.0
Fighting       | 1 2 3 4 |  4.6
Short Blades   | 1 2 3 4 |  4.6
Long Blades    | 1 2 3 4 |  4.6
Axes           | 1 2 3 4 |  4.6
Polearms       | 1 2 3 4 |  4.6
Staves         | 1 2 3 4 |  4.6
Slings         | 1 2 3 4 |  4.6
Bows           | 1 2 3 4 |  4.6
Crossbows      | 1 2 3 4 |  4.6
Throwing       | 1 2 3 4 |  4.6
Armour         | 1 2 3 4 |  4.6
Shields        | 1 2 3 4 |  4.6
Unarmed Combat | 1 2 3 4 |  4.6
Evocations     | 1 2 3 4 |  4.6
Conjurations   | 1 2 3 |  3.8
Hexes          | 1 2 3 |  3.8
Summonings     | 1 2 3 |  3.8
Necromancy     | 1 2 3 |  3.8
Translocations | 1 2 3 |  3.8
Transmutations | 1 2 3 |  3.8
Fire Magic     | 1 2 3 |  3.8
Ice Magic      | 1 2 3 |  3.8
Air Magic      | 1 2 3 |  3.8
Poison Magic   | 1 2 3 |  3.8
Maces & Flails | 3 4 5 |  5.3
Dodging        | 5 6 |  6.5
Stealth        | 3 4 5 |  5.2
Earth Magic    | 8 |  8.1

Action                   |  1- 3 |  4- 6 |  7- 9 || total
-------------------------+-------+-------+-------++-------
Melee: Mace              |    31 |    38 |       ||    69
       Bite              |     2 |     6 |     4 ||    12
       Flail             |       |    22 |    28 ||    50
       Punch             |       |     1 |       ||     1
 Fire: Hand crossbow     |       |     2 |     1 ||     3
Throw: Javelin           |       |     7 |     9 ||    16
       Dart              |       |    49 |    87 ||   136
       Boomerang         |       |       |     4 ||     4
 Cast: Sandblast         |    37 |    60 |    68 ||   165
       Passwall          |     1 |       |       ||     1
       Static Discharge  |       |       |     4 ||     4
 Stab: Sleeping          |       |     1 |       ||     1
Armor: Robe              |     8 |     9 |       ||    17
       Acid dragon scale |       |     6 |    13 ||    19
Dodge: Dodged            |    22 |    59 |    39 ||   120

Table legend: (Time is in decaauts)
 A = Elapsed time spent in this place.
 B = Non-inter-level travel time spent in this place.
 C = Inter-level travel time spent in this place.
 D = Time resting spent in this place.
 E = Time spent auto-exploring this place.
 F = Levels seen in this place.
 G = Mean time per level.
                   A        B        C        D        E       F      G
               +--------+--------+--------+--------+--------+-----+--------+
         Total |   6184 |   6184 |      0 |      0 |   4778 |   8 |  773.0 |
       Dungeon |   6074 |   6074 |      0 |      0 |   4778 |   7 |  867.7 |
        Temple |    109 |    109 |      0 |      0 |      0 |   1 |  109.0 |
               +--------+--------+--------+--------+--------+-----+--------+

Top non-repeatable levels by time:
     D:3: 1322 daAuts
     D:5: 1236 daAuts
     D:4: 1041 daAuts
     D:1: 951 daAuts
     D:6: 738 daAuts
     D:2: 634 daAuts
     D:8: 148 daAuts
  Temple: 109 daAuts
